 Dungeon Crawl Stone Soup version 0.21-a0-91-ga5031da (webtiles) character file.

108620 Hook the Blocker (level 16, -8/101 HPs)
             Began as a Gargoyle Fighter on June 27, 2017.
             Was the Champion of Okawaru.
             Killed from afar by a deep elf sorcerer (42 damage)
             ... with damnation
             ... on level 3 of the Elven Halls on June 28, 2017.
             The game lasted 01:35:20 (23425 turns).

Hook the Blocker (Gargoyle Fighter)                Turns: 23425, Time: 01:35:20

Health: -8/101     AC: 27    Str: 29    XL:     16   Next: 50%
Magic:  22/30      EV: 16    Int: 20    God:    Okawaru [******]
Gold:   600        SH: 16    Dex: 10    Spells: 23/36 levels left

rFire    + + .     SeeInvis .   d - +9 whip of Ebbuelap {flame, Str+3 Int+6}
rCold    x . .     Gourm    .   c - +2 shield
rNeg     + . .     Faith    .   K - +0 fire dragon scales
rPois    ∞         Spirit   .   F - +2 helmet
rElec    +         Reflect  .   B - scarf {repulsion}
rCorr    .         Harm     .   i - -4 pair of gloves "Axzor" {MR+}
MR       ++...                  H - +1 pair of boots {run}
Stlth    +.........             k - amulet of regeneration
HPRegen  0.66/turn              M - +5 ring of strength
MPRegen  0.22/turn              D - +4 ring of evasion

@: flying, repel missiles, quick
A: big wings, negative energy resistance 1, electricity resistance, wild magic
1, unbreathing, petrification resistance, rot immunity, MP-powered wands, AC +11
a: Stop Flying, Heroism, Finesse, Renounce Religion


You were on level 3 of the Elven Halls.
You worshipped Okawaru.
Okawaru was exalted by your worship.
You were not hungry.

You visited 7 branches of the dungeon, and saw 27 of its levels.
You visited the Abyss 1 time.

You collected 2244 gold pieces.
You spent 1644 gold pieces at shops.

Inventory:

Hand Weapons
 d - the +9 whip of Ebbuelap (weapon) {flame, Str+3 Int+6}
   (You found it on level 6 of the Dungeon)

   It has been specially enchanted to burn those struck by it, causing extra
   injury to most foes and up to half again as much damage against particularly
   susceptible opponents.
   It affects your strength (+3).
   It affects your intelligence (+6).
 j - the +8 demon trident of Roafubb {drain, MR++ Int+2, unknown}
   (Okawaru gifted it to you on level 2 of the Orcish Mines)

   A truly terrible weapon, it drains the life of those it strikes.
   It affects your intelligence (+2).
   It affects your resistance to hostile enchantments.
Missiles
 l - 23 tomahawks (quivered)
 y - 2 javelins of returning
 W - 2 throwing nets
Armour
 c - a +2 shield (worn)
 i - the -4 pair of gloves "Axzor" (worn) {MR+}
   (Okawaru gifted it to you on level 3 of the Elven Halls)

   It affects your resistance to hostile enchantments.
 B - a scarf of repulsion (worn)
 F - a +2 helmet (worn)
 G - the scarf of Ebomn {+Fly rPois rC- Str+3}
   (You acquired it on level 2 of the Elven Halls)

   It affects your strength (+3).
   It makes you vulnerable to cold.
   It protects you from poison.
   It lets you fly.
 H - a +1 pair of boots of running (worn)
 K - +0 fire dragon scales (worn)
 V - a scarf of cloud immunity
 Z - a +1 pair of gloves
Jewellery
 k - an amulet of regeneration (around neck)
 t - a +6 ring of slaying {unknown}
 D - a +4 ring of evasion (right hand)
 M - a +5 ring of strength (left hand)
 O - an uncursed ring of positive energy {unknown}
Wands
 C - a wand of digging (9/24)
Scrolls
 g - 6 scrolls of teleportation
 n - 5 scrolls of magic mapping
 o - 6 scrolls of remove curse
 u - 4 scrolls of fear
 J - a scroll of recharging
 R - 4 scrolls of amnesia
 S - 3 scrolls of enchant weapon
 U - 2 scrolls of identify
Potions
 b - a potion of mutation
 h - 5 potions of brilliance
 p - 2 potions of ambrosia
 r - 2 potions of curing
 s - 2 potions of haste
 I - 2 potions of magic
 N - a potion of flight
 P - 6 potions of degeneration
Books
 a - a book of Misfortune

   Spells                             Type                      Level
   a - Confusing Touch                Hexes                        1
   b - Confuse                        Hexes                        3
   c - Gell's Gravitas                Translocation                3
   d - Petrify                        Transmutation/Earth          4
   e - Metabolic Englaciation         Hexes/Ice                    5
   f - Yara's Violent Unravelling     Hexes/Transmutation          5
 e - a book of Clouds

   Spells                             Type                      Level
   a - Poisonous Vapours              Poison/Air                   2
   b - Mephitic Cloud                 Conjuration/Poison/Air       3
   c - Conjure Flame                  Conjuration/Fire             3
   d - Freezing Cloud                 Conjuration/Ice/Air          6
   e - Ring of Flames                 Charms/Fire                  7
 f - a book of Air

   Spells                             Type                      Level
   a - Shock                          Conjuration/Air              1
   b - Swiftness                      Charms/Air                   2
   c - Static Discharge               Conjuration/Air              3
   d - Airstrike                      Air                          4
   e - Lightning Bolt                 Conjuration/Air              5
 m - the Guide on Ashen Augmentations
   (You bought it in a shop on level 1 of the Elven Halls)

   Spells                             Type                      Level
   a - Sandblast                      Earth                        1
   b - Regeneration                   Charms/Necromancy            3
   c - Spectral Weapon                Hexes/Charms                 3
   d - Excruciating Wounds            Charms/Necromancy            5
   e - Iskenderun's Battlesphere      Conjuration/Charms           5
 q - Obik's Compendium of Intoxication and Necromancy
   (You found it on level 1 of the Lair of Beasts)

   Spells                             Type                      Level
   a - Sting                          Conjuration/Poison           1
   b - Animate Skeleton               Necromancy                   1
   c - Vampiric Draining              Necromancy                   3
   d - Olgreb's Toxic Radiance        Poison                       4
   e - Agony                          Necromancy                   5
   f - Death Channel                  Necromancy                   6
 v - a book of Maledictions

   Spells                             Type                      Level
   a - Corona                         Hexes                        1
   b - Ensorcelled Hibernation        Hexes/Ice                    2
   c - Confuse                        Hexes                        3
   d - Tukima's Dance                 Hexes                        3
   e - Dazzling Spray                 Conjuration/Hexes            3
 x - a book of Unlife

   Spells                             Type                      Level
   a - Recall                         Summoning/Translocation      3
   b - Animate Dead                   Necromancy                   4
   c - Control Undead                 Necromancy                   4
   d - Cigotuvi's Embrace             Necromancy                   5
   e - Death Channel                  Necromancy                   6
   f - Simulacrum                     Ice/Necromancy               6
 L - a book of Party Tricks

   Spells                             Type                      Level
   a - Summon Butterflies             Summoning                    1
   b - Apportation                    Translocation                1
   c - Lesser Beckoning               Translocation                3
   d - Tukima's Dance                 Hexes                        3
   e - Alistair's Intoxication        Transmutation/Poison         5
   f - Invisibility                   Hexes                        6
Miscellaneous
 Y - a box of beasts
Comestibles
 w - 13 meat rations
 z - 8 royal jellies
 A - 36 fruits


   Skills:
 * Level 12.0 Fighting
 + Level 11.4 Maces & Flails
 + Level 2.5 Throwing
 * Level 12.0 Armour
 + Level 4.8 Dodging
 + Level 4.3 Stealth
 * Level 14.3 Shields
 * Level 10.5 Spellcasting
 + Level 2.9 Conjurations
 * Level 5.9 Air Magic
 * Level 10.1 Poison Magic
 + Level 0.7 Invocations


You had 23 spell levels left.
You knew the following spells:

 Your Spells              Type           Power        Failure   Level  Hunger
a - Poisonous Vapours     Pois/Air       ######       1%          2    None
b - Sting                 Conj/Pois      ####         2%          1    None
c - Mephitic Cloud        Conj/Pois/Air  #####...     5%          3    None
d - Olgreb's Toxic Radia  Pois           ######..     4%          4    ##.....
e - Conjure Flame         Conj/Fire      ###.....     32%         3    None


Dungeon Overview and Level Annotations

Branches:
Dungeon (12/15)            Temple (1/1) D:7            Lair (6/6) D:8
  Swamp (0/4) Lair:2        Snake (1/4) Lair:4        Slime (2/5) Lair:6
    Orc (2/2) D:12            Elf (3/3) Orc:2

Altars:
Dithmenos
Fedhas
Hepliaklqana
Kikubaaqudgha
Makhleb
Okawaru
Qazlal
Ru
Sif Muna
Xom
Yredelemnul
Lugonu

Shops:
D:6 *   D:9 *   D:11 !   Orc:2 ?%([   Elf:1 :

Portals:
Trove: D:10 (give +8 demon blade)

Annotations:
Elf:2 3 runed doors


Innate Abilities, Weirdness & Mutations

You are resistant to torment.
Your stone body is resilient. (AC +11)
You are immune to poison.
Your large and strong wings let you fly indefinitely.
You resist negative energy. (rN+)
You are resistant to electric shocks. (rElec)
You can survive without breathing.
You are immune to petrification.
You are immune to rotting.
Your spells are a little harder to cast, but a little more powerful.
You expend magic power (3 MP) to strengthen your wands.


Message History

The deep elf annihilator blinks!
You hit the deep elf annihilator. You burn the deep elf annihilator.
The deep elf annihilator is heavily wounded.
The deep elf sorcerer howls an incantation.
The deep elf sorcerer's hands start to glow.
You whack the deep elf annihilator! You burn the deep elf annihilator.
The deep elf annihilator is severely wounded.
The deep elf annihilator gestures at you while chanting.
The bolt of lightning is repelled.
You thrash the deep elf annihilator!! You burn the deep elf annihilator.
You kill the deep elf annihilator!
Okawaru accepts your kill.
The deep elf annihilator casts a spell at you.
The poison arrow hits you! You partially resist.
The deep elf sorcerer points at you and mumbles some strange words.
The sphere of damnation explodes!
The damnation engulfs you!
You hear a shout!
The deep elf sorcerer casts a spell at you.
The sphere of damnation explodes!
The damnation engulfs you!
You die...

....##....#...e# #.###....#..#..
###...##..#.[..# #.# ###..#..#.#
#.#.....##....(# #.# #.#...#.#
..#........e..e####.#####.#....#.
..)#......#e).§(e..........#...#.
...#....##.....#e#########.#....#
....#..#.......#)# #..#....
##..#..#.e....##.# ##.#....
..##..#......###@# #..#...
........##..## #.# ##.#..#
....#.####++# #<# ..##. ..##..#
#.# ... .#e..## #.# .#.### #.#
#..#### #.# ......# #.# ......#
#.#


You could see a deep elf annihilator and a deep elf sorcerer.

Vanquished Creatures
  A tentacled monstrosity (Elf:3)
  2 deep elf blademasters (Elf:3)
  Gastronok (Orc:1)
  2 deep elf sorcerers
  3 deep elf elementalists (Elf:3)
  A deep elf demonologist (Elf:3)
  Azrael (Orc:1)
  3 deep elf annihilators (Elf:3)
  Snorg (Orc:1)
  3 deep elf death magi
  Fannar (D:8)
  Erolcha (Orc:1)
  Harold (Lair:3)
  A deep elf high priest (Elf:1)
  A fire dragon (Lair:6)
  5 hydras
  An anaconda (Snake:1)
  6 two-headed ogres
  6 dancing weapons
  2 orc high priests (Orc:2)
  6 deep elf knights
  A titan skeleton (Abyss:3)
  A fire crab (Lair:6)
  An unseen horror (Abyss:3)
  4 deep elf archers
  5 orc knights
  Pikel (D:9)
  A necromancer (Lair:3)
  An anaconda skeleton (Abyss:3)
  24 deep elf magi
  An ugly thing (D:12)
  2 cyclopes
  5 orc sorcerers
  2 manticores
  18 elephants
  7 black mambas
  3 molten gargoyles (Lair:6)
  13 spiny frogs
  Joseph (D:9)
  3 kobold demonologists (D:11)
  2 rime drakes
  4 demonic crawlers (Elf:2)
  An efreet (D:12)
  A guardian mummy (D:10)
  9 komodo dragons
  5 trolls
  3 polar bears
  6 hippogriffs
  13 blink frogs
  20 dream sheep
  Sigmund (D:3)
  2 shadows
  A ynoxinul (Abyss:4)
  2 water elementals
  26 yaks
  3 wyverns
  A wraith (D:12)
  A vampire (D:12)
  5 basilisks (Lair:6)
  A steam dragon (Lair:6)
  3 hungry ghosts
  5 fire elementals
  8 vampire mosquitoes
  2 nagas (Lair:4)
  2 wargs
  A soldier ant (D:12)
  10 water moccasins
  A large abomination (Abyss:3)
  7 hell hounds
  Duvessa (D:4)
  6 porcupines
  A swamp drake (D:12)
  16 orc warriors
  A slave (D:9)
  5 sky beasts
  3 ice beasts
  3 black bears
  2 elephant zombies (Lair:3)
  A necrophage (D:6)
  12 ogres
  3 centaurs
  6 wolves
  A snapping turtle skeleton (Abyss:4)
  16 crocodiles
  5 big kobolds
  15 bullfrogs
  2 earth elementals
  Dowan (D:4)
  A wyvern skeleton (D:12)
  4 scorpions
  14 wights
  An electric eel (Lair:5)
  4 howler monkeys
  5 crimson imps
  5 lava snakes (Lair:6)
  A centaur zombie (D:12)
  2 bullfrog zombies
  8 hounds
  A basilisk zombie (Lair:3)
  A centaur skeleton (D:5)
  3 jellies
  12 orc priests
  Crazy Yiuf (D:2)
  13 orc wizards
  3 bullfrog skeletons
  Terence (D:3)
  3 iguanas
  5 worker ants
  A killer bee zombie (D:10)
  A crocodile zombie (Lair:3)
  A hound zombie (D:5)
  A hound skeleton (D:4)
  A howler monkey zombie (D:11)
  2 worker ant zombies (D:11)
  13 adders
  10 river rats (D:5)
  2 shadow imps
  An ooze (D:2)
  2 adder zombies
  An adder skeleton (D:4)
  2 dart slugs
  12 leopard geckos
  38 orcs
  3 giant cockroaches
  5 hobgoblins
  7 jackals
  9 quokkas
  3 ball pythons
  A bat (D:2)
  4 frilled lizards
  4 goblins
  A jackal skeleton (D:5)
  A jackal zombie (D:5)
  22 kobolds
  A quokka skeleton (D:6)
  14 rats
  A fungus (Lair:3)
641 creatures vanquished.

Vanquished Creatures (collateral kills)
  A plant (D:8)
1 creature vanquished.

Vanquished Creatures (others)
  A deep elf annihilator (Elf:2)
  An orc high priest (Orc:2)
  An orc wizard (Orc:2)
  A ball lightning (Elf:2)
  2 orcs
  6 fungi (Lair:6)
  6 plants (Lair:6)
  2 starspawn tentacles (Abyss:3)
20 creatures vanquished.

Grand Total: 662 creatures vanquished

Notes
Turn   | Place    | Note
-------+----------+-------------------------------------------
     0 | D:1      | Hook the Gargoyle Fighter began the quest for the Orb.
     0 | D:1      | Reached XP level 1. HP: 14/14 MP: 1/1
   257 | D:1      | Reached XP level 2. HP: 14/19 MP: 2/2
  1087 | D:2      | Reached XP level 3. HP: 15/23 MP: 3/3
  1327 | D:2      | Found a basalt altar of Yredelemnul.
  1350 | D:2      | Found a deep blue altar of Sif Muna.
  1427 | D:2      | Found a hazy altar of Hepliaklqana.
  1963 | D:2      | Found a runed door.
  1969 | D:2      | Noticed Crazy Yiuf
  1978 | D:2      | Killed Crazy Yiuf
  1978 | D:2      | Reached XP level 4. HP: 23/29 MP: 4/4
  2181 | D:3      | Found a blossoming altar of Fedhas.
  2183 | D:3      | Noticed Sigmund
  2375 | D:3      | Killed Sigmund
  2375 | D:3      | Reached skill level 1 in Stealth
  2375 | D:3      | Reached skill level 4 in Shields
  2375 | D:3      | Reached XP level 5. HP: 25/34 MP: 3/5
  2375 | D:3      | Reached XP level 6. HP: 28/39 MP: 3/6
  2564 | D:3      | Noticed Terence
  2579 | D:3      | Killed Terence
  2764 | D:3      | Reached skill level 1 in Dodging
  2776 | D:3      | Reached XP level 7. HP: 29/44 MP: 5/7
  3037 | D:3      | Found a sacrificial altar of Ru.
  3048 | D:3      | Reached skill level 5 in Armour
  3048 | D:3      | Reached skill level 5 in Shields
  3279 | D:4      | Reached skill level 5 in Fighting
  3439 | D:4      | Noticed Duvessa
  3439 | D:4      | Noticed Dowan
  3461 | D:4      | Killed Duvessa
  3465 | D:4      | Killed Dowan
  3673 | D:4      | Reached XP level 8. HP: 50/50 MP: 8/8
  4003 | D:5      | Entered Level 5 of the Dungeon
  4037 | D:5      | Reached skill level 6 in Shields
  4132 | D:5      | Found a shadowy altar of Dithmenos.
  4171 | D:5      | Gained mutation: You are robust. (+10% HP) [mutagenic meat]
  4332 | D:5      | Reached skill level 5 in Maces & Flails
  4815 | D:5      | Reached skill level 1 in Spellcasting
  4854 | D:5      | Reached skill level 7 in Shields
  5140 | D:6      | Found a stormy altar of Qazlal.
  5192 | D:6      | Found Ydueckawk's Assorted Antiques.
  5222 | D:6      | Reached XP level 9. HP: 60/60 MP: 10/10
  5320 | D:6      | Got a crystal whip
  5323 | D:6      | Identified the +9 whip of Ebbuelap {flame, Str+3 Int+6} (You found it on level 6 of the Dungeon)
  5971 | D:7      | Found a staircase to the Ecumenical Temple.
  5987 | Temple   | Entered the Ecumenical Temple
  5999 | Temple   | Became a worshipper of Warmaster Okawaru
  6135 | D:7      | Found a transporter.
  6139 | D:7      | Found a corrupted altar of Lugonu.
  6145 | D:7      | Noticed a cyan ugly thing
  6146 | D:7      | Noticed a green ugly thing
  6147 | D:7      | Noticed a red ugly thing
  6147 | D:7      | Noticed a red ugly thing
  6318 | D:7      | Found a burning altar of Makhleb.
  6586 | D:8      | Reached * piety under Okawaru
  6586 | D:8      | Reached skill level 8 in Shields
  6706 | D:8      | Noticed a three-headed hydra
  6718 | D:8      | Killed a three-headed hydra
  6718 | D:8      | Reached ** piety under Okawaru
  6718 | D:8      | Reached XP level 10. HP: 63/69 MP: 12/14
  6904 | D:8      | Found an ancient bone altar of Kikubaaqudgha.
  7169 | D:8      | Found a staircase to the Lair.
  7193 | D:8      | Noticed a two-headed ogre
  7208 | D:8      | Killed a two-headed ogre
  7208 | D:8      | Reached *** piety under Okawaru
  7208 | D:8      | Reached skill level 9 in Shields
  7349 | D:8      | Learned a level 2 spell: Poisonous Vapours
  7466 | Lair:1   | Entered Level 1 of the Lair of Beasts
  7467 | Lair:1   | Noticed a black mamba
  7484 | Lair:1   | Killed a black mamba
  7484 | Lair:1   | Reached **** piety under Okawaru
  7486 | Lair:1   | Noticed a spiny frog
  7503 | Lair:1   | Killed a spiny frog
  7592 | Lair:1   | Reached skill level 1 in Poison Magic
  7603 | Lair:1   | Identified Obik's Compendium of Intoxication and Necromancy
  7619 | Lair:1   | Learned a level 1 spell: Sting
  7632 | Lair:1   | Noticed a spiny frog
  7643 | Lair:1   | Killed a spiny frog
  7643 | Lair:1   | Reached XP level 11. HP: 61/74 MP: 8/16
  7747 | Lair:1   | Reached skill level 1 in Air Magic
  7981 | Lair:1   | Noticed a six-headed hydra
  8001 | Lair:1   | Killed a six-headed hydra
  8001 | Lair:1   | Reached ***** piety under Okawaru
  8001 | Lair:1   | Reached skill level 10 in Shields
  8061 | Lair:1   | Reached skill level 1 in Conjurations
  8294 | Lair:1   | Received a gift from Okawaru
  8420 | Lair:1   | Noticed Fannar
  8678 | D:9      | Noticed Joseph
  8692 | D:9      | Killed Joseph
  8775 | D:9      | Found Oxkohes's Assorted Antiques.
  8933 | D:9      | Noticed a two-headed ogre
  8957 | D:9      | Killed a two-headed ogre
  9040 | D:9      | Noticed Pikel
  9069 | D:9      | Killed Pikel
  9069 | D:9      | Received a gift from Okawaru
  9230 | D:10     | Entered Level 10 of the Dungeon
  9428 | D:10     | Found a portal to a secret trove of treasure.
  9648 | D:10     | Noticed a two-headed ogre
  9654 | D:10     | Killed a two-headed ogre
  9654 | D:10     | Reached skill level 5 in Spellcasting
  9859 | D:10     | Reached skill level 1 in Throwing
 10123 | D:11     | Reached XP level 12. HP: 72/82 MP: 12/19
 10141 | D:11     | Noticed a two-headed ogre
 10149 | D:11     | Killed a two-headed ogre
 10161 | D:11     | Learned a level 3 spell: Mephitic Cloud
 10187 | D:11     | Noticed a two-headed ogre
 10198 | D:11     | Killed a two-headed ogre
 10695 | D:11     | Found Ympoluc's Distillery.
 10702 | D:11     | Bought 2 potions of curing for 84 gold pieces
 10763 | D:11     | Received a gift from Okawaru
 11264 | D:12     | Received a gift from Okawaru
 11306 | D:12     | Reached skill level 11 in Shields
 11345 | D:12     | Noticed a two-headed ogre
 11359 | D:12     | Killed a two-headed ogre
 11365 | D:12     | Reached skill level 5 in Poison Magic
 11373 | D:12     | Reached ****** piety under Okawaru
 11938 | D:12     | Noticed an eight-headed hydra
 11950 | D:12     | Killed an eight-headed hydra
 12085 | D:12     | Reached XP level 13. HP: 85/88 MP: 13/23
 12104 | D:12     | Found a staircase to the Orcish Mines.
 12330 | D:8      | Killed Fannar
 12342 | D:8      | Received a gift from Okawaru
 12773 | Lair:1   | Learned a level 4 spell: Olgreb's Toxic Radiance
 13035 | Lair:2   | Found a staircase to the Swamp.
 13776 | Lair:3   | Received a gift from Okawaru
 14058 | Lair:3   | Noticed Harold
 14104 | Lair:3   | Killed Harold
 14721 | Lair:4   | Reached skill level 10 in Maces & Flails
 14849 | Lair:4   | Reached skill level 10 in Armour
 14853 | Lair:4   | Reached skill level 10 in Fighting
 15029 | Lair:4   | Learned a level 3 spell: Conjure Flame
 15198 | Lair:4   | Found a staircase to the Snake Pit.
 15625 | Snake:1  | Entered Level 1 of the Snake Pit
 15638 | Snake:1  | Reached skill level 12 in Shields
 15996 | Lair:5   | Received a gift from Okawaru
 16007 | Lair:5   | Gained mutation: Your large and strong wings let you fly indefinitely. [Gargoyle growth]
 16007 | Lair:5   | Reached XP level 14. HP: 96/96 MP: 11/26
 17129 | Lair:6   | Entered Level 6 of the Lair of Beasts
 17197 | Lair:6   | Received a gift from Okawaru
 17200 | Lair:6   | Got a scorched great mace {god gift}
 17223 | Lair:6   | Identified the +7 great mace "Gieb Mynn" {crush, Int+3} (Okawaru gifted it to you on level 6 of the Lair of Beasts)
 17553 | Lair:6   | Found a large runed door.
 17554 | Lair:6   | Found a large runed door.
 18073 | Lair:6   | Identified a scroll of acquirement
 18191 | Lair:6   | Received a gift from Okawaru
 18693 | Lair:6   | Found a staircase to the Slime Pits.
 19031 | Slime:1  | Entered Level 1 of the Pits of Slime
 19038 | Slime:2  | Noticed an acid blob
 19042 | Slime:1  | Noticed an acid blob
 19042 | Slime:1  | Noticed an azure jelly
 19515 | Orc:1    | Entered Level 1 of the Orcish Mines
 19633 | Orc:1    | Noticed Gastronok
 19672 | Orc:1    | Killed Gastronok
 19672 | Orc:1    | Received a gift from Okawaru
 19672 | Orc:1    | Reached skill level 13 in Shields
 19780 | Orc:1    | Noticed Snorg
 19803 | Orc:1    | Killed Snorg
 19815 | Orc:1    | Noticed Erolcha
 19830 | Orc:1    | Killed Erolcha
 19832 | Orc:1    | Reached XP level 15. HP: 92/103 MP: 18/28
 20234 | Orc:2    | Entered Level 2 of the Orcish Mines
 20292 | Orc:2    | Received a gift from Okawaru
 20293 | Orc:2    | Found Zidat's Antique Armour Emporium.
 20384 | Orc:2    | Lost mutation: You are robust. (+10% HP) [potion of mutation]
 20384 | Orc:2    | Gained mutation: You expend magic power (3 MP) to strengthen your wands. [potion of mutation]
 20384 | Orc:2    | Gained mutation: Your spells are a little harder to cast, but a little more powerful. [potion of mutation]
 20465 | Orc:2    | Got a twisted demon trident {god gift}
 20477 | Orc:2    | Found Ysufur's Weapon Shop.
 20490 | Orc:2    | Reached skill level 5 in Air Magic
 20498 | Orc:2    | Found Ihyifank's Food Shop.
 20500 | Orc:2    | Found Zudokkump's Magic Scroll Emporium.
 20508 | Orc:2    | Bought a scroll of acquirement for 572 gold pieces
 20523 | Orc:2    | Identified a +1 pair of boots of running (You acquired it on level 2 of the Orcish Mines)
 20570 | Orc:2    | Found a staircase to the Elven Halls.
 20763 | Orc:2    | Noticed Azrael
 20817 | Orc:1    | Killed Azrael
 21304 | Elf:1    | Entered Level 1 of the Elven Halls
 21324 | Elf:1    | Received a gift from Okawaru
 21580 | Elf:1    | Found Qyogoen's One-of-a-Kind Books.
 21587 | Elf:1    | Bought the Guide on Ashen Augmentations for 988 gold pieces
 21807 | Elf:1    | Received a gift from Okawaru
 21807 | Elf:1    | Reached skill level 10 in Spellcasting
 22346 | Elf:2    | Found a runed gate.
 22346 | Elf:2    | Found a runed gate.
 22347 | Elf:2    | Found a runed gate.
 22374 | Elf:2    | Got an encrusted scarf
 22386 | Elf:2    | Identified the scarf of Ebomn {+Fly rPois rC- Str+3} (You acquired it on level 2 of the Elven Halls)
 22401 | Elf:2    | Noticed a deep elf sorcerer
 22429 | Elf:2    | Killed a deep elf sorcerer
 22571 | Elf:2    | Reached XP level 16. HP: 96/101 MP: 30/30
 22610 | Elf:3    | Entered Level 3 of the Elven Halls
 22755 | Elf:3    | Noticed a Hell Sentinel
 22756 | Elf:3    | Cast into level 3 of the Abyss (a deep elf demonologist)
 22757 | Abyss:3  | Found a corrupted altar of Lugonu.
 22757 | Abyss:3  | Noticed a hellephant
 22759 | Abyss:3  | Noticed a tentacled starspawn
 23015 | Abyss:4  | Noticed a tentacled monstrosity
 23024 | Elf:3    | Escaped the Abyss
 23034 | Elf:3    | Reached skill level 14 in Shields
 23061 | Elf:3    | Killed a tentacled monstrosity
 23061 | Elf:3    | Received a gift from Okawaru
 23064 | Elf:3    | Got a pair of pitted gloves {god gift}
 23076 | Elf:3    | Identified the -4 pair of gloves "Axzor" {MR+} (Okawaru gifted it to you on level 3 of the Elven Halls)
 23173 | Elf:3    | Upgraded the game from 0.21-a0-88-g13b9641 to 0.21-a0-91-ga5031da
 23207 | Elf:3    | Noticed a deep elf blademaster
 23209 | Elf:3    | Noticed a Brimstone Fiend
 23215 | Elf:3    | Noticed a deep elf blademaster
 23248 | Elf:3    | Killed a deep elf blademaster
 23273 | Elf:3    | Reached skill level 10 in Poison Magic
 23415 | Elf:3    | Killed a deep elf blademaster
 23425 | Elf:3    | Killed from afar by a deep elf sorcerer

Vault maps used:
D:1:      minmay_arrival_widening_spiral_wide, minmay_quantized
D:2:      overflow_temple_1_default, marbit_many_paths,
          yredelemnul_altar_generic, uniq_crazy_yiuf_cottage
D:3:      cheibrodos_thug_alley, nicolae_ru_path_of_blood,
          nicolae_overflow_crystal_walls, first_bread, uniq_sigmund,
          uniq_terence
D:4:      minmay_misc_feat_plants, uniq_duvessa
D:5:      lemuel_ratsnest, nicolae_dithmenos_through_a_glass_darkly
D:6:      lemuel_round_altar, serial_shops, shop
D:7:      gammafunk_corrupted_shrine, kennysheep_mini_moat,
          minmay_temple_entry_trees
D:8:      kiku_gazebo_pond_becter, minmay_lair_entry_lava, hangedman_ranch
D:9:      serial_shops, nicolae_shop_overgrown_old_shop, uniq_joseph, uniq_pikel
D:10:     nicolae_trove_entry_path_of_doom, minivault_27
D:11:     serial_shops, shop
D:12:     erik_orc_1
Temple:   regret_index_temple_generic_petals
Lair:1:   lemuel_fruit_tree, uniq_fannar
Lair:2:   minmay_swamp_entry_swarm
Lair:3:   pond_and_an_island_with_a_cottage, uniq_harold
Lair:4:   guppyfry_snake_entry_garden
Lair:5:   lab_entry_generic, nicolae_volcano_entry_s_turn, serial_bayou_pond_b
Lair:6:   cheibrodos_lair_end_hotspot, dpeg_slime_entry_corner
Snake:1:  grunt_ministairs_4, grunt_megastairs_3, uniq_nikola, uniq_roxanne
Slime:1:  nicolae_slime_barrier, cheibrodos_slime_lost_civilization_7
Slime:2:  uniq_dissolution
Orc:1:    uniq_erolcha, uniq_snorg, uniq_gastronok
Orc:2:    st_orc_elflike, nicolae_orc_damp_corner, uniq_azrael
Elf:1:    minmay_elf_arrival_circle, kennysheep_underground_church, spider_trap,
          serial_sigils_hangedman_scar, nicolae_rare_books
Elf:2:    serial_shops, nicolae_shop_overgrown_old_shop,
          einodemon_crawler_minivault, uniq_jorgrun
Elf:3:    minmay_elf_hall_quartered_circle, serial_shops, shop, serial_sigils,
          serial_sigils_hangedman_gut, serial_sigils_hangedman_gnaw,
          serial_sigils_hangedman_leer, serial_sigils_hangedman_scratch,
          serial_sigils_hangedman_writhe, serial_sigils_hangedman_stare
Abyss:3:  hangedman_abyss_stitches_cave
Abyss:4:  grunt_abyss_rune_wretched_hive, evilmike_abyss_exit_9

Skill      XL: |  1  2  3  4  5  6  7  8  9 10 11 12 13 14 15 16 |
---------------+-------------------------------------------------+-----
Fighting       | 4 5 6 7 8 9 10 11 12 | 12.0
Armour         | 4 5 6 7 8 9 10 11 12 | 12.0
Maces & Flails | 3 4 5 7 8 9 10 11 | 11.4
Stealth        | 1 2 3 4 |  4.3
Shields        | 4 5 7 8 9 10 11 12 13 14 | 14.3
Dodging        | 1 2 3 4 |  4.8
Spellcasting   | 1 3 5 6 8 9 10 | 10.5
Poison Magic   | 1 3 5 7 8 9 10 | 10.1
Air Magic      | 3 4 5 |  5.9
Conjurations   | 1 2 |  2.9
Throwing       | 1 2 |  2.5
Invocations    | |  0.7

Action                   |  1- 3 |  4- 6 |  7- 9 | 10-12 | 13-15 | 16-18 || total
-------------------------+-------+-------+-------+-------+-------+-------++-------
Melee: Flail             |   163 |    84 |   296 |       |       |       ||   543
       Whip              |       |       |    87 |   602 |  1286 |   219 ||  2194
       Great mace        |       |       |       |       |    28 |       ||    28
Throw: Tomahawk          |     6 |       |       |    32 |    53 |     5 ||    96
       Throwing net      |       |       |       |       |     1 |       ||     1
 Cast: Sting             |       |       |       |    26 |    10 |     2 ||    38
       Poisonous Vapours |       |       |       |    67 |    89 |     5 ||   161
       Mephitic Cloud    |       |       |       |    12 |    56 |     7 ||    75
       Olgreb's Toxic Ra |       |       |       |       |    41 |     5 ||    46
Invok: Heroism           |       |       |       |     1 |     2 |       ||     3
       Finesse           |       |       |       |       |     1 |       ||     1
 Abil: Fly               |       |       |       |       |     2 |       ||     2
       Stop Flying       |       |       |       |       |     1 |       ||     1
Evoke: Wand              |       |       |       |     1 |       |       ||     1
       Box of beasts     |       |       |       |       |     1 |       ||     1
  Use: Scroll            |     5 |     5 |     7 |     4 |    12 |     2 ||    35
       Potion            |     2 |     1 |       |     7 |    14 |     4 ||    28
 Stab: Confused          |       |       |       |     5 |    14 |     2 ||    21
       Held in net/web   |       |       |       |       |     1 |       ||     1
  Eat: Chunk             |     3 |     3 |     6 |     5 |     4 |       ||    21
       Bread ration      |       |       |     2 |     3 |     4 |       ||     9
       Fruit             |       |       |       |     4 |     5 |       ||     9
       Meat ration       |       |       |       |       |     2 |     1 ||     3
       Royal jelly       |       |       |       |       |     1 |       ||     1
Armor: Scale mail        |    78 |    27 |   159 |   130 |   178 |       ||   572
       Fire dragon scale |       |       |       |       |   224 |    89 ||   313
       Plate armour      |       |       |       |       |     6 |       ||     6
Dodge: Dodged            |    47 |    29 |    89 |   171 |   474 |    57 ||   867
       Deflected         |       |       |       |       |    10 |     7 ||    17
Block: Shield            |    95 |    53 |   191 |   291 |   758 |   114 ||  1502
